 Dungeon Crawl Stone Soup version 0.31-a0-486-g8d68a81214 (console) character file.

Game seed: 5732023065203403319

389 petzl the Sneak (level 7, -2/53 HPs)
             Began as a Formicid Delver on Aug 7, 2023.
             Slain by a sleepcap (13 damage)
             ... on level 4 of the Dungeon.
             The game lasted 00:16:42 (3843 turns).

petzl the Sneak (Formicid Delver)                   Turns: 3843, Time: 00:16:42

Health: -2/53      AC:  7    Str: 17    XL:     7   Next: 7%
Magic:  13/13      EV:  2    Int: 11    God:
Gold:   262        SH:  0    Dex: 15    Spells: 14/14 levels left

rFire   . . .        c - +2 whip (flame)
rCold   + . .        (no shield)
rNeg    . . .        w - +0 scale mail {Will+}
rPois   .            (helmet unavailable)
rElec   .            (no cloak)
rCorr   .            z - +0 pair of gloves
SInv    +            (no boots)
Will    +....        (no amulet)
Stlth   ++           e - ring of protection from cold
HPRegen 0.28/turn    (no ring)
MPRegen 0.13/turn

%: no passive effects
@: sleeping
A: permanent stasis, dig shafts and tunnels, antennae 3, four strong arms
a: Dig, Shaft Self


You were on level 4 of the Dungeon.
You visited 1 branch of the dungeon, and saw 7 of its levels.

You collected 262 gold pieces.

Inventory:

Hand Weapons
 a - a +0 sling
 b - a +0 short sword of venom
 c - a +2 whip of flaming (weapon)
Missiles
 m - 59 stones
 o - 4 boomerangs (quivered)
 y - 3 poisoned darts
Armour
 r - a +0 leather armour of cold resistance
 s - a +0 leather armour
 w - a +0 scale mail of willpower (worn)
 z - a +0 pair of gloves (worn)
Jewellery
 e - a ring of protection from cold (left hand)
 t - an amulet of faith
Talismans
 n - a beast talisman
Wands
 f - a wand of digging (2)
 k - a wand of flame (27)
Scrolls
 d - 2 scrolls of enchant armour {unknown}
 i - 2 scrolls of amnesia {unknown}
 j - 4 scrolls of identify {unknown}
 p - a scroll of vulnerability {unknown}
 u - a scroll of poison {unknown}
 v - 2 scrolls of immolation {unknown}
 A - 2 scrolls of fog
Potions
 g - a potion of heal wounds {unknown}
 h - a potion of invisibility {unknown}
 l - a potion of berserk rage {unknown}
 q - a potion of curing
 x - a potion of lignification {unknown}
 B - a potion of attraction {unknown}
 C - 2 potions of ambrosia {unknown}


   Skills:
 - Level 3.9 Fighting
 - Level 2.7 Maces & Flails
 + Level 2.2 Ranged Weapons
 + Level 2.1 Armour
 - Level 2.4 Dodging
 - Level 6.5 Stealth
 + Level 4.0 Spellcasting


You had 14 spell levels left.
You didn't know any spells.
Your spell library contained the following spells:

 Spells                   Type           Power      Damage    Failure   Level
 Sandblast                Erth           4%         2d4       63%         1
 Sting                    Tmut/Pois      8%         1d3       63%         1
 Passwall                 Tmut/Erth      1%         N/A       77%         2
 Poisonous Vapours        Pois/Air       4%         N/A       77%         2
 Ozocubu's Armour         Ice            2%         N/A       94%         3
 Stone Arrow              Conj/Erth      4%         3d7       94%         3
 Olgreb's Toxic Radiance  Pois           2%         N/A       100%        4
 Ozocubu's Refrigeration  Ice            1%         4d7       100%        7


Dungeon Overview and Level Annotations

Branches:
Dungeon (7/15)             Temple (0/1) D:4

Altars:

Annotations:
D:3 exclusion: downstairs
D:4 2 runed translucent doors, exclusions: ogre and 2 sensed monsters (detected)
D:5 exclusions: downstairs and upstairs
D:6 exclusion: upstairs


Innate Abilities, Weirdness & Mutations

You cannot be hasted, slowed, berserked, paralysed or teleported.
You can dig through walls and to a lower floor.
You have a pair of large antennae on your head. (SInv)
Your four strong arms can wield two-handed weapons with a shield.


Message History

You hit the sleepcap but do no damage.
The sleepcap is lightly damaged.
The sleepcap releases spores at you!
Okay, then.
Press: ? - help, v - describe, . - travel
Here: a sleepcap (lightly damaged)
The floor.
Unknown command.
Your +0 short sword of venom stops dripping with poison.
Your +2 whip of flaming bursts into flame!
c - a +2 whip of flaming (weapon)
The sleepcap releases spores at you.
You are engulfed in a cloud of soporific spores!
You are unaffected.
It was a potion of curing.
You feel better. The sleepcap releases spores at you!
You are engulfed in a cloud of soporific spores!
You are unaffected.
You hit the sleepcap. You burn the sleepcap.
The sleepcap is moderately damaged.
The sleepcap barely misses you.
You hit the sleepcap but do no damage.
The sleepcap is moderately damaged.
The sleepcap closely misses you.
You whack the sleepcap! You burn the sleepcap.
The sleepcap is severely damaged.
The sleepcap releases spores at you.
You hit the sleepcap but do no damage.
The sleepcap is severely damaged.
The sleepcap barely misses you.
You hit the sleepcap but do no damage.
The sleepcap is severely damaged.
The sleepcap barely misses you.
You completely miss the sleepcap.
The sleepcap is severely damaged.
The sleepcap releases spores at you!
* * * LOW HITPOINT WARNING * * *
You are engulfed in a cloud of soporific spores!
You fall asleep.
The sleepcap releases spores at you!
You die...

#.......'.....# ...........
#.......#.....# ...........
#.......#.....# ......!..
#########...### +# ##.##..
##...####.# #+ #..
#.........# +.........#
#.........# #.........#
##...##..## ##^..##..###
#......'...........
#......#...O.......... .
#......#...<.......... ..
#......#.................
#......##....##.####...#
#......#############..$####
#.....f#...................
#.....@#.........<.........
#......'..........##.##.[..
#......##....##..## #####
################## . .. #..
###


You could see a sleepcap.

Vanquished Creatures
  A bullfrog (D:6)
  A howler monkey (D:4)
  2 jellies
  2 orc priests (D:3)
  Jessica (D:3)
  Terence (D:2)
  3 adders
  An ufetubus (D:6)
  2 worms (D:2)
  2 dart slugs (D:1)
  8 orcs
  4 ball pythons
  7 endoplasms
  9 goblins
  5 hobgoblins
  3 quokkas
  6 bats
  2 frilled lizards
  7 kobolds
  6 rats
73 creatures vanquished.

Notes
Turn   | Place    | Note
-------+----------+-------------------------------------------
     0 | D:5      | petzl the Formicid Delver began the quest for the Orb.
     0 | D:5      | Reached XP level 1. HP: 18/18 MP: 1/1
    16 | D:6      | Noticed a bullfrog
    50 | D:5      | Noticed a phantom
   375 | D:7      | Noticed an orc wizard
   477 | D:6      | Killed a bullfrog
   478 | D:6      | Reached XP level 2. HP: 13/25 MP: 2/2
   478 | D:6      | Reached XP level 3. HP: 15/30 MP: 3/3
   478 | D:6      | Reached XP level 4. HP: 19/37 MP: 4/4
   629 | D:6      | Noticed a wight
   774 | D:4      | Found a staircase to the Ecumenical Temple.
   774 | D:4      | Noticed a black bear
   774 | D:4      | Noticed an ogre
   808 | D:5      | Reached skill level 1 in Spellcasting
   808 | D:5      | Reached XP level 5. HP: 39/42 MP: 4/7
   829 | D:4      | Noticed an ogre
  1234 | D:2      | Noticed Terence
  2706 | D:2      | Killed Terence
  2707 | D:2      | Reached XP level 6. HP: 41/48 MP: 9/11
  2762 | D:3      | Reached skill level 1 in Ranged Weapons
  2899 | D:3      | Reached skill level 1 in Armour
  2973 | D:3      | Noticed Jessica
  2988 | D:3      | Killed Jessica
  3630 | D:4      | Reached XP level 7. HP: 50/53 MP: 11/13
  3693 | D:4      | Found a large runed translucent door.
  3693 | D:4      | Found a large runed translucent door.
  3843 | D:4      | Slain by a sleepcap

Illustrated notes

Levels and vault maps discovered:
D:1:      dpeg_arrival_subterranean_lakeside_camping, layout_basic,
          minmay_pentomino_u2
D:2:      layout_basic, nicolae_half_adder, uniq_terence
D:3:      layout_basic, uniq_jessica
D:4:      layout_gridville, jmf_multi_god_temple2, lemuel_round_altar,
          minitemple, minmay_temple_entry_glass, grunt_ministairs_9
D:5:      layout_basic
D:6:      layout_layer_cave, old_standard_altar,
          mainiacjoe_overflow_small_starburst, minivault_11
D:7:      layout_basic, enter_bailey_4, minmay_diced_spiral

Skill      XL: |  1  2  3  4  5  6 |
---------------+-------------------+-----
Dodging        | 2 |  2.4
Spellcasting   | 1 3 4 |  4.0
Ranged Weapons | 2 |  2.2
Armour         | 2 |  2.1
Fighting       | |  3.9
Maces & Flails | |  2.7
Stealth        | |  6.5

Action                     |  1- 3 |  4- 6 |  7- 9 || total
---------------------------+-------+-------+-------++-------
  Melee: Mace              |    10 |    99 |       ||   109
         Whip              |       |    42 |     6 ||    48
         Punch             |       |     1 |       ||     1
         Short sword       |       |    43 |    11 ||    54
   Fire: Sling             |       |    44 |     2 ||    46
  Throw: Boomerang         |       |    12 |       ||    12
Ability: Dig               |       |     1 |       ||     1
  Evoke: Wand              |       |     4 |       ||     4
    Use: Scroll            |       |     2 |       ||     2
         Potion            |       |       |     1 ||     1
   Stab: Sleeping          |     1 |     5 |       ||     6
 Armour: Leather armour    |     4 |    22 |       ||    26
         Scale mail        |       |    43 |     8 ||    51
  Dodge: Dodged            |    17 |   114 |    15 ||   146

Table legend: (Time is in decaauts)
 A = Elapsed time spent in this place.
 B = Non-inter-level travel time spent in this place.
 C = Inter-level travel time spent in this place.
 D = Time resting spent in this place.
 E = Time spent auto-exploring this place.
 F = Levels seen in this place.
 G = Mean time per level.
                   A        B        C        D        E       F      G
               +--------+--------+--------+--------+--------+-----+--------+
         Total |   3894 |   3706 |    188 |    492 |   1736 |   7 |  556.3 |
       Dungeon |   3894 |   3706 |    188 |    492 |   1736 |   7 |  556.3 |
               +--------+--------+--------+--------+--------+-----+--------+

Top non-repeatable levels by time:
     D:1: 978 daAuts
     D:3: 924 daAuts
     D:2: 874 daAuts
     D:6: 416 daAuts
     D:5: 302 daAuts
     D:4: 287 daAuts
     D:7: 109 daAuts
